 Dungeon Sprint DCSS version 0.30-a0-782-ge64f9170bb (webtiles) character file.

Game seed: 6884543681192857711

431 nuthulu the Grappler (level 6, -9/74 HPs)
             Began as a Troll Berserker on Feb 23, 2023.
             Was a Believer of Trog.
             Mangled by Sonja
             ... wielding a +2 short sword of distortion
              (13 damage)
             ... in the Dungeon (Sprint I: "Red Sonja").
             The game lasted 00:01:27 (266 turns).

nuthulu the Grappler (Troll Berserker)               Turns: 266, Time: 00:01:28

Health: -9/74      AC:  4    Str: 28    XL:     6   Next: 67%
Magic:  5/5        EV: 10    Int:  3    God:    Trog [**....]
Gold:   297        SH:  0    Dex:  9    Spells: 5/5 levels left

rFire   . . .      SeeInvis .    i - +0 giant spiked club
rCold   . . .      Faith    .    (shield currently unavailable)
rNeg    . . .      Spirit   .    a - +0 animal skin
rPois   .          Reflect  .    (helmet restricted)
rElec   .          Harm     .    (no cloak)
rCorr   .          Rampage  .    (gloves unavailable)
Will    .....      NoTele   +    (boots unavailable)
Stlth   +                        (no amulet)
HPRegen 1.12/turn                (no ring)
MPRegen 0.09/turn                (no ring)

@: on berserk cooldown, slowed, very slow
A: large, unfitting armour, claws 3, regeneration 1, shaggy fur 1, tough skin 1
a: Renounce Religion, Berserk, Trog's Hand


You were in the Dungeon.
You worshipped Trog.
Trog was pleased with you.
You visited 1 branch You collected 297 gold pieces.

Inventory:

Hand Weapons
 i - a +0 giant spiked club (weapon)
Armour
 a - a +0 animal skin (worn)
Wands
 h - a wand of charming (12)
Scrolls
 g - a scroll of blinking
 j - a scroll of amnesia {unknown}
Potions
 b - a potion of curing
 c - a potion of heal wounds
 d - a potion of haste
 e - 2 potions of magic
 f - a potion of berserk rage


   Skills:
 + Level 8.8 Fighting
 + Level 4.4 Maces & Flails
 - Level 2.4 Dodging
 - Level 9.5 Unarmed Combat
 - Level 0.8 Evocations


You had 5 spell levels left.
You didn't know any spells.
Your spell library was empty.

Dungeon Overview and Level Annotations

Branches:
Dungeon (1/1)

Altars:
Cheibriados
Dithmenos
Elyvilon
Fedhas
Gozag
Hepliaklqana
Kikubaaqudgha
Nemelex Xobeh
Okawaru
Qazlal
Ru
Sif Muna
Trog
Uskayaw
Vehumet
Wu Jian
Yredelemnul
Zin
The Shining One

Shops:
D !

Annotations:
D Sonja


Innate Abilities, Weirdness & Mutations

You are too large for most types of armour.
You have claws for hands.
Your natural rate of healing is unusually fast.
You are covered in fur. (AC +1)
You have tough skin. (AC +1)


Message History

You see here a yak corpse.
You are possessed by a berserker rage.
Your movement speed is very quick.
Your attack delay is about 1.1.
Your damage rating with your +0 giant spiked club is about 39 (Base 22 x 145% (Str) x 123% (Skill)).
You start resting.
You feel a strong urge to attack something.
You start resting.
You feel your anger nearly subside.
You are no longer berserk.
You are exhausted.
You feel yourself slow down.
You start resting.
HP restored.
There is an entrance to Vayboo's Distillery here.
You see here a yak corpse.
There is an open door here.
You open the door.
Sonja, the Graceful Assassin comes into view.
She is wielding a +2 short sword of distortion and quivering curare-tipped darts.
Found 108 gold pieces.
Sonja hits you with a +2 short sword of distortion!
Space warps around you. Sonja barely misses you.
Sonja hits you with a +2 short sword of distortion.
Space warps horribly around you! Sonja closely misses you.
Sonja hits you with a +2 short sword of distortion.
Sonja hits you with a +2 short sword of distortion!
Space warps horribly around you!
* * * LOW HITPOINT WARNING * * *
There is an open door here.
You closely miss Sonja.
Sonja hits you with a +2 short sword of distortion.
* * * LOW HITPOINT WARNING * * *
Space warps around you.
* * * LOW HITPOINT WARNING * * *
Sonja barely misses you.
Sonja hits you with a +2 short sword of distortion.
* * * LOW HITPOINT WARNING * * *
Sonja barely misses you. Sonja completely misses you.
Sonja hits you with a +2 short sword of distortion.
* * * LOW HITPOINT WARNING * * *
Space warps horribly around you!
You die...

#<.#..').#..'..#
#..)..#..'..#..+
#..#####'#####+#
#..####..#...#.#
#..#__####..##[#
#..#_____##'#_.+
#⌠⌠#_.∩..†'..._#
####_..__##_.#+#
#_____###@#
####### #K# $.$
#$.$# ##.## #+#


You could see Sonja.

Vanquished Creatures
  Sigmund (D)
  A yak (D)
  An ogre (D)
  A jelly (D)
  Ijyb (D)
5 creatures vanquished.

Notes
Turn   | Place    | Note
-------+----------+-------------------------------------------
     0 | D        | nuthulu the Troll Berserker began the quest for the Orb.
     0 | D        | Reached XP level 1. HP: 22/22 MP: 0/0
     2 | D        | Noticed Ijyb
     5 | D        | Killed Ijyb
     6 | D        | Reached skill level 5 in Unarmed Combat
     6 | D        | Reached XP level 2. HP: 32/32 MP: 1/1
    43 | D        | Noticed an ogre
    49 | D        | Noticed Sigmund
    65 | D        | Killed Sigmund
    66 | D        | Reached skill level 8 in Unarmed Combat
    66 | D        | Reached XP level 3. HP: 37/45 MP: 2/2
    66 | D        | Reached XP level 4. HP: 44/53 MP: 3/3
    66 | D        | Reached XP level 5. HP: 51/61 MP: 4/4
    80 | D        | Killed an ogre
    80 | D        | Reached ** piety under Trog
    81 | D        | Reached skill level 9 in Unarmed Combat
    81 | D        | Reached XP level 6. HP: 14/71 MP: 5/5
   167 | D        | Found an ornate altar of the Wu Jian Council.
   167 | D        | Found a shimmering blue altar of Sif Muna.
   169 | D        | Found a radiant altar of Vehumet.
   175 | D        | Reached skill level 1 in Maces & Flails
   235 | D        | Found Vayboo's Distillery.
   235 | D        | Found an ancient bone altar of Kikubaaqudgha.
   235 | D        | Found a hazy altar of Hepliaklqana.
   235 | D        | Found a stormy altar of Qazlal.
   235 | D        | Found a hide-covered altar of Uskayaw.
   235 | D        | Found a blossoming altar of Fedhas.
   235 | D        | Found a bloodstained altar of Trog.
   235 | D        | Found an iron altar of Okawaru.
   235 | D        | Found a basalt altar of Yredelemnul.
   235 | D        | Found a glowing golden altar of the Shining One.
   235 | D        | Found a snail-covered altar of Cheibriados.
   235 | D        | Found a sacrificial altar of Ru.
   235 | D        | Found a glowing silver altar of Zin.
   235 | D        | Found a shadowy altar of Dithmenos.
   235 | D        | Found a white marble altar of Elyvilon.
   235 | D        | Noticed a yak
   236 | D        | Found an opulent altar of Gozag.
   242 | D        | Killed a yak
   243 | D        | Found a sparkling altar of Nemelex Xobeh.
   264 | D        | Noticed Sonja
   266 | D        | Mangled by Sonja

Illustrated notes

Levels and vault maps discovered:
D:        dungeon_sprint_1 [red_sonja_temple_1, red_sonja_temple_small_1]

Skill      XL: |  1  2  3  4  5  6 |
---------------+-------------------+-----
Fighting       | 4 6 7 8 |  8.8
Unarmed Combat | 5 8 9 |  9.5
Maces & Flails | 4 |  4.4
Dodging        | |  2.4
Evocations     | |  0.8

Action                     |  1- 3 |  4- 6 || total
---------------------------+-------+-------++-------
  Melee: Unarmed           |     6 |     4 ||    10
         Punch             |       |     1 ||     1
         Giant spiked club |       |    10 ||    10
 Invoke: Berserk           |     2 |     1 ||     3
  Evoke: Wand              |     2 |       ||     2
 Armour: Animal skin       |     1 |     1 ||     2
  Dodge: Dodged            |     1 |    13 ||    14

Table legend: (Time is in decaauts)
 A = Elapsed time spent in this place.
 B = Non-inter-level travel time spent in this place.
 C = Inter-level travel time spent in this place.
 D = Time resting spent in this place.
 E = Time spent auto-exploring this place.
 F = Levels seen in this place.
 G = Mean time per level.
                   A        B        C        D        E       F      G
               +--------+--------+--------+--------+--------+-----+--------+
         Total |    291 |    291 |      0 |    157 |      0 |   1 |  291.0 |
       Dungeon |    291 |    291 |      0 |    157 |      0 |   1 |  291.0 |
               +--------+--------+--------+--------+--------+-----+--------+

Top non-repeatable levels by time:
       D: 291 daAuts
